[Event "Titled Tuesday Blitz August 1 Early 2023"]
[White "Carrasco Miranda, Andres"]
[Black "Vaibhav Jayant Raut"]
[WhiteFideId "3405990"]
[BlackFideId "5089034"]
[WhiteElo "2462"]
[BlackElo "2596"]
[Result "0-1"]
[Round "6"]
[TimeControl "180+1"]
[Date "2023.08.01"]
[WhiteClock "0:00:06"]
[BlackClock "0:00:43"]
[Board "109"]

1. d4 Nf6 2. c4 e6 3. g3 Bb4+ 4. Nd2 O-O 5. Bg2 c5 6. Nf3 Nc6 7. a3 Bxd2+ 8. Qxd2 cxd4 9. Nxd4 d5 10. cxd5 exd5 11. O-O Re8 12. e3 Ne5 13. b3 Bg4 14. Bb2 Qd7 15. Rfe1 Bh3 16. Bh1 Ne4 17. Qa5 Nd3 18. Re2 Nexf2 19. Rxf2 Nxf2 20. Kxf2 Qe7 21. Qd2 Rac8 22. Rc1 Rxc1 23. Bxc1 Bg4 24. Bf3 Qf6 25. Kg2 Bxf3+ 26. Nxf3 Qe6 27. Kf2 Qe4 28. Bb2 Rc8 29. Bc3 Rc6 30. b4 a6 31. a4 Qb1 32. Kg2 Qb3 33. b5 Rxc3 34. bxa6 Rc2 35. a7 Rxd2+ 36. Nxd2 Qxa4 0-1


[Site "https://www.chess.com"]

[Event "Titled Tuesday Blitz August 1 Early 2023"]
[White "Bochnicka, Vladimir"]
[Black "Shukhman, Anna"]
[WhiteFideId "14943450"]
[BlackFideId "54180058"]
[WhiteElo "2456"]
[BlackElo "2595"]
[Result "0-1"]
[Round "6"]
[TimeControl "180+1"]
[Date "2023.08.01"]
[WhiteClock "0:00:13"]
[BlackClock "0:02:04"]
[Board "110"]

1. e4 c5 2. Nf3 a6 3. c4 Nc6 4. Nc3 e5 5. g3 g6 6. Bg2 Bg7 7. O-O Nge7 8. d3 O-O 9. Be3 d6 10. Qd2 Rb8 11. a4 Nd4 12. Rab1 f5 13. Nd5 Nxd5 14. exd5 f4 15. gxf4 Nxf3+ 16. Bxf3 Qh4 17. f5 Bxf5 18. Bg2 Bh3 19. Bxh3 Qxh3 20. f4 exf4 21. Bxf4 g5 22. Be3 g4 23. Rbe1 g3 24. hxg3 Qxg3+ 25. Qg2 Rxf1+ 26. Rxf1 Qxe3+ 27. Kh1 Qh6+ 28. Kg1 Kh8 29. Rf7 Bd4+ 30. Kf1 Qc1+ 0-1


[Site "https://www.chess.com"]

[Event "Titled Tuesday Blitz August 1 Early 2023"]
[White "Kayis, Gulcan Sena"]
[Black "Lana Rodriguez, David"]
[WhiteFideId "34553045"]
[BlackFideId "2270803"]
[WhiteElo "2455"]
[BlackElo "2583"]
[Result "0-1"]
[Round "6"]
[TimeControl "180+1"]
[Date "2023.08.01"]
[WhiteClock "0:00:13"]
[BlackClock "0:00:34"]
[Board "111"]

1. e4 c5 2. c3 Nc6 3. Nf3 d5 4. exd5 Qxd5 5. d4 Bg4 6. Be2 e6 7. O-O Nf6 8. h3 Bh5 9. c4 Qd8 10. dxc5 Bxc5 11. Nc3 O-O 12. a3 Qe7 13. b4 Bb6 14. Bb2 Rfd8 15. Qa4 Nd4 16. Nxd4 Bxd4 17. Bxh5 Nxh5 18. Rad1 Nf4 19. Kh1 Qg5 20. g3 Nxh3 21. Qc2 Qh5 22. Kg2 Ng5 23. Rd3 Qh3+ 24. Kg1 Bf6 25. Rfd1 Rxd3 26. Qxd3 h5 27. f4 Rd8 28. Qe3 Rxd1+ 29. Nxd1 Bxb2 30. Nxb2 Nh7 31. Nd3 h4 32. Nc5 hxg3 33. Qe2 Nf6 34. Nxb7 Qf5 35. Qe3 Qh3 36. Qxa7 Qh2+ 37. Kf1 g2+ 38. Ke1 g1=Q+ 0-1


[Site "https://www.chess.com"]

[Event "Titled Tuesday Blitz August 1 Early 2023"]
[White "Sadykov, Ramil"]
[Black "Necromon"]
[WhiteFideId "24113590"]
[WhiteElo "2572"]
[BlackElo "2454"]
[Result "1-0"]
[Round "6"]
[TimeControl "180+1"]
[Date "2023.08.01"]
[WhiteClock "0:01:38"]
[BlackClock "0:01:14"]
[Board "112"]

1. e4 c5 2. Nf3 Nc6 3. Bb5 g6 4. Bxc6 dxc6 5. d3 Bg7 6. h3 Nf6 7. Nc3 O-O 8. Be3 b6 9. Qd2 e5 10. Bh6 Qc7 11. O-O b5 12. b3 c4 13. bxc4 bxc4 14. Bxg7 Kxg7 15. d4 exd4 16. Qxd4 Be6 17. Ng5 Qe7 18. Rfd1 Rfd8 19. Qe5 Rxd1+ 20. Rxd1 Rd8 21. Rxd8 Qxd8 22. Qxe6 Qd1+ 23. Nxd1 1-0


[Site "https://www.chess.com"]

[Event "Titled Tuesday Blitz August 1 Early 2023"]
[White "Rozhkov, Viacheslav"]
[Black "Cnejev, Vladimir-Alexandru"]
[WhiteFideId "4181484"]
[BlackFideId "1260898"]
[WhiteElo "2445"]
[BlackElo "2571"]
[Result "0-1"]
[Round "6"]
[TimeControl "180+1"]
[Date "2023.08.01"]
[WhiteClock "0:00:12"]
[BlackClock "0:00:30"]
[Board "113"]

1. e4 g6 2. Nf3 Bg7 3. d4 d6 4. Nc3 Nf6 5. Be3 a6 6. Qd2 b5 7. a3 Bb7 8. Bd3 Nbd7 9. h4 e5 10. O-O-O exd4 11. Nxd4 Nc5 12. f3 Nxd3+ 13. Qxd3 h5 14. Bg5 Qd7 15. Rhe1 O-O 16. Nde2 Rfe8 17. Nf4 Nh7 18. Ncd5 a5 19. Qb3 Kh8 20. Nh3 b4 21. Be3 Reb8 22. Bd4 Bxd4 23. Rxd4 a4 24. Qxb4 c5 25. Qc3 cxd4 26. Qxd4+ Kg8 27. Nb6 Qc7 28. Nxa8 Rxa8 29. f4 Qc5 30. Qd3 Nf6 31. f5 Re8 32. fxg6 fxg6 33. Ng5 Qf2 34. Rf1 Qxh4 35. Rxf6 Qxg5+ 0-1


[Site "https://www.chess.com"]

[Event "Titled Tuesday Blitz August 1 Early 2023"]
[White "Mendez Fortes, Eduardo Jesus"]
[Black "GAO"]
[WhiteFideId "3502376"]
[WhiteElo "2560"]
[BlackElo "2444"]
[Result "1-0"]
[Round "6"]
[TimeControl "180+1"]
[Date "2023.08.01"]
[WhiteClock "0:00:55"]
[BlackClock "0:00:03"]
[Board "114"]

1. e4 e6 2. d4 d5 3. Nd2 c5 4. exd5 Qxd5 5. Ngf3 cxd4 6. Bc4 Qd6 7. O-O Nc6 8. Nb3 Nf6 9. Nbxd4 Nxd4 10. Nxd4 a6 11. Re1 Qc7 12. Qe2 Bd6 13. Bg5 Bxh2+ 14. Kh1 Bd6 15. Bxf6 gxf6 16. Bxe6 fxe6 17. Nxe6 Bxe6 18. Qxe6+ Be7 19. Re3 Rf8 20. Rae1 Rf7 21. Rg3 Kf8 22. Qg4 Ke8 23. Qg8+ Rf8 24. Qxh7 Rd8 25. Qh5+ Kd7 26. Rd3+ Kc8 27. Rc3 Qxc3 28. Qf5+ Kb8 29. bxc3 Bd6 30. g3 Rc8 31. Re6 Be5 32. c4 Rh8+ 33. Kg2 Rhd8 34. Re7 Rxc4 35. a3 Rdc8 36. Qf3 R8c7 37. Rxc7 Kxc7 38. Qb3 Rc3 39. Qa4 Bd6 40. f4 Rc6 41. Kf3 Rc3+ 42. Kg4 Rxa3 43. Qc4+ Kd7 44. Kf5 Rxg3 45. Qe6+ Kc7 46. Kxf6 Rc3 47. Qe4 Rc6 48. Kf7 a5 49. f5 Ra6 50. Qa4 b5 51. Qxb5 Ra7 52. Ke6 a4 53. Qc4+ Kb8 54. Kxd6 a3 55. Qb3+ Ka8 56. f6 Ra6+ 57. Kc7 a2 58. Qb7# 1-0


[Site "https://www.chess.com"]

[Event "Titled Tuesday Blitz August 1 Early 2023"]
[White "Ventura Bolet, Maxim"]
[Black "AliNiknaddaf"]
[WhiteFideId "22238824"]
[WhiteElo "2443"]
[BlackElo "2556"]
[Result "0-1"]
[Round "6"]
[TimeControl "180+1"]
[Date "2023.08.01"]
[WhiteClock "0:00:09"]
[BlackClock "0:00:58"]
[Board "115"]

1. a3 Nf6 2. d4 g6 3. Nd2 Bg7 4. e4 d6 5. Bd3 c6 6. Ngf3 Qc7 7. O-O O-O 8. Re1 e5 9. dxe5 dxe5 10. Nc4 Nbd7 11. a4 h6 12. c3 Re8 13. Qc2 Nc5 14. Bf1 Nh5 15. b4 Ne6 16. a5 Nef4 17. Be3 Qe7 18. Bc5 Qf6 19. Nfxe5 Rxe5 20. Bd4 Qg5 21. Nxe5 Bxe5 22. Bxe5 Qxe5 23. Rad1 Be6 24. Qd2 Qg5 25. g3 Bg4 26. gxf4 Nxf4 27. Qe3 Bf3+ 0-1


[Site "https://www.chess.com"]

[Event "Titled Tuesday Blitz August 1 Early 2023"]
[White "Schlecht, Daniel, Dr."]
[Black "Dinosaurio_1975"]
[WhiteFideId "4623959"]
[WhiteElo "2441"]
[BlackElo "2553"]
[Result "1/2-1/2"]
[Round "6"]
[TimeControl "180+1"]
[Date "2023.08.01"]
[WhiteClock "0:00:44"]
[BlackClock "0:01:18"]
[Board "116"]

1. g3 d5 2. Nf3 e6 3. Bg2 Nf6 4. d4 Be7 5. O-O O-O 6. c4 c6 7. Qc2 b6 8. Nbd2 c5 9. cxd5 exd5 10. b3 Nc6 11. Bb2 Nb4 12. Qb1 g6 13. a3 Bf5 14. Qd1 Nc2 15. Rc1 Nxd4 16. Nxd4 cxd4 17. Nf3 d3 18. exd3 Rc8 19. Qd2 Qd7 20. Rfe1 Rxc1 21. Rxc1 Qb5 22. b4 Qxd3 23. Qxd3 Bxd3 24. Ne5 Bb5 25. Nc6 Bxc6 26. Rxc6 Ne4 27. Rc7 Bf6 28. Bxe4 Bxb2 29. Bxd5 Bxa3 30. b5 Bc5 31. Rxa7 Kg7 32. Ra8 Rxa8 33. Bxa8 Kf6 34. Bd5 Ke7 35. Kg2 f6 36. Bg8 h6 37. Bd5 Kd6 38. Bc6 Ke5 39. h4 g5 40. hxg5 fxg5 41. f3 h5 42. Be8 h4 43. gxh4 gxh4 44. Bc6 Kf4 45. Kh3 Bf2 46. Be4 Bg3 47. Bc6 Bf2 48. Be4 Bg3 49. Bc6 Bf2 1/2-1/2


[Site "https://www.chess.com"]

[Event "Titled Tuesday Blitz August 1 Early 2023"]
[White "Bogaudinov, Rushan"]
[Black "Chor, Kevin"]
[WhiteFideId "4129288"]
[BlackFideId "2090740"]
[WhiteElo "2427"]
[BlackElo "2545"]
[Result "1-0"]
[Round "6"]
[TimeControl "180+1"]
[Date "2023.08.01"]
[WhiteClock "0:00:48"]
[BlackClock "0:00:00"]
[Board "117"]

1. d4 Nf6 2. Nf3 g6 3. e3 Bg7 4. Be2 O-O 5. O-O d6 6. c4 Nbd7 7. Nc3 b6 8. b4 Bb7 9. a4 a5 10. b5 Ne4 11. Nxe4 Bxe4 12. Nd2 Bb7 13. Bf3 Bxf3 14. Qxf3 e5 15. Bb2 f5 16. Qc6 Rc8 17. Nb3 Qe7 18. Rac1 f4 19. exf4 Rxf4 20. g3 Rf7 21. c5 dxc5 22. dxc5 Rff8 23. Rcd1 Nxc5 24. Ba3 Qg5 25. Bxc5 bxc5 26. Nxc5 Rf7 27. Rd7 Qf5 28. Rxf7 Qxf7 29. b6 Re8 30. b7 1-0


[Site "https://www.chess.com"]

[Event "Titled Tuesday Blitz August 1 Early 2023"]
[White "Vlassov, Nikolai"]
[Black "Bouget, Alexandre"]
[WhiteFideId "4103360"]
[BlackFideId "681318"]
[WhiteElo "2541"]
[BlackElo "2421"]
[Result "1-0"]
[Round "6"]
[TimeControl "180+1"]
[Date "2023.08.01"]
[WhiteClock "0:01:06"]
[BlackClock "0:00:11"]
[Board "118"]

1. e4 g6 2. Nc3 Bg7 3. h4 d6 4. h5 c5 5. Bc4 Nc6 6. d3 a6 7. h6 Bf6 8. a4 e6 9. Nh3 Nge7 10. Nf4 O-O 11. Bd2 b6 12. Qc1 Rb8 13. Nce2 b5 14. Bb3 d5 15. axb5 axb5 16. O-O c4 17. Ba2 e5 18. Nxd5 Nxd5 19. exd5 Qxd5 20. Nc3 Qe6 21. Ne4 Be7 22. dxc4 bxc4 23. Bc3 Nd4 24. Re1 Bb7 25. Bxd4 exd4 26. Qf4 Qc6 27. f3 f5 28. Nd2 Bd6 29. Bxc4+ Qxc4 30. Qxd6 Qd5 31. Qc7 Qf7 32. Re7 Rfc8 33. Rxf7 Rxc7 34. Rxc7 1-0


[Site "https://www.chess.com"]

[Event "Titled Tuesday Blitz August 1 Early 2023"]
[White "Womacka, Mathias"]
[Black "FREDERICKtheMATE"]
[WhiteFideId "4611390"]
[WhiteElo "2539"]
[BlackElo "2416"]
[Result "0-1"]
[Round "6"]
[TimeControl "180+1"]
[Date "2023.08.01"]
[WhiteClock "0:00:00"]
[BlackClock "0:00:24"]
[Board "119"]

1. e4 c5 2. Nf3 Nc6 3. d4 cxd4 4. Nxd4 Nf6 5. Nc3 e5 6. Ndb5 d6 7. Bg5 a6 8. Na3 b5 9. Nd5 Be7 10. Nxe7 Qxe7 11. c4 b4 12. Nc2 h6 13. Bxf6 Qxf6 14. Nxb4 Nxb4 15. Qa4+ Bd7 16. Qxb4 Qf4 17. Bd3 O-O 18. O-O Rfd8 19. Rad1 Bg4 20. f3 Qe3+ 21. Kh1 Be6 22. Qd2 Qb6 23. Be2 a5 24. Qc3 a4 25. Rd2 Rab8 26. Rfd1 Qc5 27. Bf1 Rb4 28. b3 axb3 29. axb3 Rdb8 30. Rb1 Bxc4 31. Bxc4 Rxc4 32. Qd3 Rd4 33. Qe2 Qc3 34. Rc2 Rxb3 35. Rbc1 Qb4 36. h4 Rb1 37. Kh2 Rxc1 38. Rxc1 Rd2 39. Qe3 Qb2 40. Rg1 Qc2 41. Qa3 Rd3 42. Qa8+ Kh7 43. Kh3 Qf2 44. Rh1 Rd2 45. Rh2 Qe3 46. Qc8 g6 47. Qd7 Kg7 48. Qe7 Qf4 49. Rh1 g5 50. hxg5 hxg5 51. g3 Qe3 52. Kg4 Rf2 53. Qxg5+ Qxg5+ 54. Kxg5 Rxf3 55. Kg4 Rd3 56. Re1 Kg6 57. Re2 Rd4 0-1


[Site "https://www.chess.com"]

[Event "Titled Tuesday Blitz August 1 Early 2023"]
[White "Aggelis, Nikolaos"]
[Black "Castella Garcia, Fausto"]
[WhiteFideId "4213220"]
[BlackFideId "3501922"]
[WhiteElo "2537"]
[BlackElo "2406"]
[Result "1/2-1/2"]
[Round "6"]
[TimeControl "180+1"]
[Date "2023.08.01"]
[WhiteClock "0:00:39"]
[BlackClock "0:00:02"]
[Board "120"]

1. c4 c5 2. Nf3 g6 3. d4 cxd4 4. Nxd4 Bg7 5. Nc3 Nf6 6. g3 O-O 7. Bg2 Nc6 8. Nxc6 dxc6 9. Qxd8 Rxd8 10. Bf4 Be6 11. c5 Nd5 12. Nxd5 Bxd5 13. O-O Bxg2 14. Kxg2 Rd5 15. Be3 Rad8 16. Rab1 e5 17. b4 a6 18. a4 f5 19. b5 axb5 20. axb5 Bf6 21. bxc6 bxc6 22. Rb6 Rc8 23. Rfb1 g5 24. Rb8 Rdd8 25. Rxc8 Rxc8 26. f4 h6 27. Rb6 Kf7 28. fxe5 Bxe5 29. h4 f4 30. gxf4 gxf4 31. Bf2 Ke6 32. Kf3 Kd5 33. Rb7 Rc7 34. Rb8 Ra7 35. Rd8+ Ke6 36. Rc8 Ra3+ 37. Ke4 Ra4+ 38. Kf3 Kd5 39. Rd8+ Ke6 40. Re8+ Kd5 41. Re7 h5 42. Rh7 Ra3+ 43. Kg2 Ke4 44. Rxh5 Ra2 45. Rh6 Rxe2 46. Rxc6 f3+ 47. Kg1 Rc2 48. Kf1 Rc1+ 49. Be1 Bd4 50. Re6+ Kd3 51. c6 f2 52. h5 fxe1=Q+ 53. Rxe1 Rc2 54. Rd1+ Ke4 55. c7 Rxc7 56. Kg2 Rh7 57. Rh1 Kf4 58. Kh3 Kg5 59. Kg3 Rxh5 60. Rxh5+ Kxh5 1/2-1/2


[Site "https://www.chess.com"]

[Event "Titled Tuesday Blitz August 1 Early 2023"]
[White "Al-Tarboush, Ward"]
[Black "Fisabilillah, Ummi"]
[WhiteFideId "7601450"]
[BlackFideId "7104804"]
[WhiteElo "2537"]
[BlackElo "2405"]
[Result "0-1"]
[Round "6"]
[TimeControl "180+1"]
[Date "2023.08.01"]
[WhiteClock "0:00:00"]
[BlackClock "0:00:28"]
[Board "121"]

1. e4 d5 2. exd5 Qxd5 3. Nc3 Qa5 4. d4 c6 5. Nf3 Nf6 6. Bc4 Bf5 7. Bd2 e6 8. Nd5 Qd8 9. Nxf6+ Qxf6 10. h4 Bg4 11. Bg5 Bxf3 12. gxf3 Qf5 13. Qe2 Nd7 14. O-O-O Nb6 15. Bb3 h6 16. Bd2 O-O-O 17. c3 Bd6 18. Rhg1 Qf6 19. Qe4 g6 20. c4 Be7 21. Bf4 Qxh4 22. Rh1 Qxf4+ 23. Qxf4 Bg5 24. Qe3 Bxe3+ 25. fxe3 h5 26. e4 Rd7 27. c5 Na8 28. Kc2 Nc7 29. Bc4 Rhd8 30. Kc3 e5 31. b4 exd4+ 32. Kd3 Re7 33. f4 Ne6 34. Bxe6+ Rxe6 35. e5 f6 36. Rde1 fxe5 37. Rxe5 Rf6 38. Rg1 Rxf4 39. Rxg6 Rf3+ 40. Kd2 d3 41. Re7 Rf2+ 42. Kc3 d2 43. Rgg7 Rd3+ 44. Kc4 d1=Q 0-1


[Site "https://www.chess.com"]

[Event "Titled Tuesday Blitz August 1 Early 2023"]
[White "Thecourseoisildur"]
[Black "jimmy-schlumpf"]
[WhiteElo "2535"]
[BlackElo "2403"]
[Result "1-0"]
[Round "6"]
[TimeControl "180+1"]
[Date "2023.08.01"]
[WhiteClock "0:01:20"]
[BlackClock "0:00:20"]
[Board "122"]

1. d4 Nf6 2. c4 g6 3. Nc3 d5 4. cxd5 Nxd5 5. e4 Nxc3 6. bxc3 Bg7 7. Nf3 c5 8. h3 O-O 9. Be2 b6 10. O-O Bb7 11. Qd3 Ba6 12. Qe3 Bxe2 13. Qxe2 e6 14. Bg5 Qc7 15. Qd2 Nd7 16. e5 Rfe8 17. Bh6 cxd4 18. cxd4 Rac8 19. Qf4 Qc2 20. g4 Rc3 21. Ng5 f6 22. exf6 Nxf6 23. Bxg7 Kxg7 24. Qe5 Rc6 25. Nxh7 Kxh7 26. Qxf6 Qd3 27. Qf7+ 1-0


[Site "https://www.chess.com"]

[Event "Titled Tuesday Blitz August 1 Early 2023"]
[White "Tymrakiewicz, Rafal"]
[Black "Ismagilov, Damir"]
[WhiteFideId "1108832"]
[BlackFideId "34199982"]
[WhiteElo "2401"]
[BlackElo "2534"]
[Result "0-1"]
[Round "6"]
[TimeControl "180+1"]
[Date "2023.08.01"]
[WhiteClock "0:00:00"]
[BlackClock "0:00:03"]
[Board "123"]

1. e4 e5 2. Nf3 Nc6 3. Bb5 a6 4. Bxc6 dxc6 5. Nc3 f6 6. d4 exd4 7. Qxd4 Qxd4 8. Nxd4 Bd7 9. Be3 c5 10. Nde2 O-O-O 11. h4 b6 12. h5 Ne7 13. O-O-O Nc6 14. Nd5 Be6 15. Bf4 Rd7 16. Rd2 Kb7 17. f3 Bd6 18. Bxd6 Rxd6 19. Rhd1 h6 20. Ndf4 Rxd2 21. Rxd2 Bf7 22. Rd7 Ne5 23. Re7 Re8 24. Rxe8 Bxe8 25. Ng3 g6 26. hxg6 Bxg6 27. Ngh5 Bxh5 28. Nxh5 Nd7 29. Kd2 Kc6 30. f4 Kd6 31. c4 Ke6 32. g4 Kf7 33. Ng3 Kg6 34. Nf5 h5 35. gxh5+ Kxh5 36. Ke3 Kg6 37. Ne7+ Kf7 38. Nd5 c6 39. Nc3 Ke6 40. Ne2 b5 41. b3 Nb6 42. Kd3 Nd7 43. Ng1 Nf8 44. Nf3 Nh7 45. Ke3 Nf8 46. f5+ Kd6 47. Kf4 Nd7 48. e5+ fxe5+ 49. Kg5 e4 50. Ne1 Ke5 51. Ng2 Kd4 52. f6 e3 53. f7 e2 54. Kf5 bxc4 55. bxc4 Kxc4 56. Ke6 Nf8+ 57. Ke7 Nh7 58. Kd6 Kd4 59. Kxc6 c4 60. Ne1 c3 0-1


[Site "https://www.chess.com"]

[Event "Titled Tuesday Blitz August 1 Early 2023"]
[White "Toropov, Pavel"]
[Black "Stork, Oliver"]
[WhiteFideId "24129178"]
[BlackFideId "12955728"]
[WhiteElo "2532"]
[BlackElo "2399"]
[Result "1/2-1/2"]
[Round "6"]
[TimeControl "180+1"]
[Date "2023.08.01"]
[WhiteClock "0:00:23"]
[BlackClock "0:00:11"]
[Board "124"]

1. e4 c5 2. Nf3 e6 3. d4 cxd4 4. Nxd4 Nf6 5. Nc3 Nc6 6. Be3 Bb4 7. Bd3 d5 8. exd5 Nxd5 9. Nxc6 bxc6 10. Bd2 Nxc3 11. bxc3 Ba5 12. O-O O-O 13. Rb1 e5 14. Qh5 f5 15. Bc4+ Kh8 16. Rfd1 Qe8 17. Qxe8 Rxe8 18. Be3 Bxc3 19. Rb3 Bd4 20. Bxd4 exd4 21. f3 Be6 22. Bxe6 Rxe6 23. Rxd4 Re2 24. Rc3 Re6 25. Rdc4 Rc8 26. Ra4 Rc7 27. Kf2 g6 28. Rac4 Kg7 29. Re3 Kf6 30. Rxe6+ Kxe6 31. Ke3 Kd5 32. Ra4 c5 33. Kf4 c4 34. c3 Re7 35. Ra5+ Kc6 36. h4 Kb6 37. Re5 Rd7 38. Re8 Rd3 39. Rb8+ Kc7 40. Ra8 Kb7 41. Rh8 Rxc3 42. Rxh7+ Kb6 43. Rg7 Rc2 44. Rxg6+ Kb5 45. h5 c3 46. h6 Rc1 47. Rg8 Rh1 48. Rb8+ Kc4 49. Rc8+ Kd3 50. Kg5 c2 51. g4 fxg4 52. fxg4 Kd2 53. Kg6 c1=Q 54. Rxc1 Kxc1 55. h7 Kb2 56. g5 Kxa2 57. Kg7 Kb1 58. h8=Q Rxh8 59. Kxh8 a5 60. g6 a4 61. g7 a3 62. g8=Q a2 63. Qb3+ Ka1 64. Qc3+ Kb1 65. Qe1+ Kb2 66. Qe2+ Kb1 67. Qd1+ Kb2 68. Qd2+ Kb1 69. Qb4+ Ka1 70. Qa3 Kb1 71. Qb3+ Ka1 72. Qc3+ Kb1 73. Kh7 a1=Q 74. Qe1+ Ka2 75. Qa5+ Kb1 76. Qb5+ Qb2 77. Qf1+ Qc1 78. Qa6 Qc2+ 79. Kg7 Qb2+ 80. Kf7 Qa2+ 81. Qxa2+ Kxa2 1/2-1/2


[Site "https://www.chess.com"]

[Event "Titled Tuesday Blitz August 1 Early 2023"]
[White "Velasco, Santiago"]
[Black "Foerster-Yialamas, Lucas"]
[WhiteFideId "4401328"]
[BlackFideId "30901774"]
[WhiteElo "2529"]
[BlackElo "2395"]
[Result "0-1"]
[Round "6"]
[TimeControl "180+1"]
[Date "2023.08.01"]
[WhiteClock "0:01:11"]
[BlackClock "0:00:48"]
[Board "125"]

1. e4 e5 2. Nf3 Nc6 3. Bc4 Bc5 4. c3 Nf6 5. d4 exd4 6. e5 d5 7. Bb5 Ne4 8. cxd4 Bb4+ 9. Bd2 Nxd2 10. Nbxd2 Bg4 11. O-O Bxd2 12. Qxd2 Bxf3 13. Bxc6+ bxc6 14. gxf3 O-O 15. Rac1 Qd7 16. Rc3 Rab8 17. Rfc1 Rb6 18. Kg2 Rfb8 19. b3 Qe6 20. Qc2 Qh6 21. Rxc6 Qg5+ 22. Kf1 h6 23. Rxc7 Qf4 24. Rc8+ Rxc8 25. Qxc8+ Kh7 26. Rc6 Qxf3 27. Rxb6 axb6 28. Qc2+ g6 29. Ke1 Qh1+ 30. Ke2 Qxh2 31. a4 Qh5+ 32. Kd2 Qf3 33. Kc1 h5 34. b4 h4 35. e6 Qf4+ 36. Kb2 fxe6 37. a5 bxa5 38. b5 h3 39. b6 h2 40. Qc7+ Qxc7 41. bxc7 h1=Q 42. c8=Q Qe4 43. Qc7+ Kh6 44. Kc3 Qf3+ 45. Kb2 Qxf2+ 46. Ka3 Qxd4 47. Qh2+ Kg5 48. Qg3+ Kf5 49. Qh3+ Ke4 50. Qg2+ Kd3 51. Qxg6+ Kc4 52. Qxe6 Qa1# 0-1


[Site "https://www.chess.com"]

[Event "Titled Tuesday Blitz August 1 Early 2023"]
[White "Slavin, Alexey"]
[Black "Vyatkin, Dmitry"]
[WhiteFideId "24104388"]
[BlackFideId "4171900"]
[WhiteElo "2370"]
[BlackElo "2518"]
[Result "0-1"]
[Round "6"]
[TimeControl "180+1"]
[Date "2023.08.01"]
[WhiteClock "0:00:10"]
[BlackClock "0:00:11"]
[Board "126"]

1. e4 e6 2. Nf3 d5 3. e5 c5 4. b4 cxb4 5. a3 Nc6 6. axb4 Bxb4 7. c3 Be7 8. d4 Bd7 9. Bd3 a6 10. O-O Qc7 11. Na3 Rc8 12. Nd2 b5 13. Qg4 g6 14. Qe2 h5 15. Nc2 Qb6 16. Nb3 Nb8 17. Bd2 Nh6 18. h3 Nf5 19. Ne3 Nc6 20. Nxf5 exf5 21. Ra2 O-O 22. Rfa1 Nb8 23. Qf3 Be6 24. Qg3 Rc7 25. Be2 h4 26. Qe3 Rfc8 27. Qh6 Rxc3 28. Bxc3 Rxc3 29. Nc5 Bxc5 30. dxc5 Qxc5 31. Qxh4 Qc7 32. f4 d4 33. Rd1 Bxa2 34. e6 Bxe6 35. Qf6 Nc6 36. h4 Qe7 37. Qxe7 Nxe7 38. Rxd4 Nc6 39. Rd6 Rc5 40. Bf3 Nb4 41. h5 gxh5 42. Bxh5 a5 43. Rd8+ Kg7 44. Ra8 a4 45. Ra7 Kf6 46. Be2 Nc2 47. Ra5 a3 48. Bxb5 a2 49. Rxa2 Bxa2 50. Bd3 Nb4 51. Be2 Bc4 52. Bf3 Bd5 53. Kf2 Bxf3 54. Kxf3 Rc3+ 55. Ke2 Nd5 56. g3 Rxg3 57. Kf2 Rg4 58. Kf3 Rxf4+ 59. Ke2 Ke5 60. Kd3 Rf3+ 61. Ke2 Ke4 62. Kd2 Re3 63. Kc2 Rd3 64. Kb2 Kd4 65. Kc2 Kc4 66. Kb2 Rc3 67. Ka2 Rb3 68. Ka1 Kc3 69. Ka2 Kc2 70. Ka1 Ra3# 0-1


[Site "https://www.chess.com"]

[Event "Titled Tuesday Blitz August 1 Early 2023"]
[White "NigelDwarf"]
[Black "Jegorovas, Aleksandras"]
[BlackFideId "12801950"]
[WhiteElo "2518"]
[BlackElo "2362"]
[Result "1-0"]
[Round "6"]
[TimeControl "180+1"]
[Date "2023.08.01"]
[WhiteClock "0:01:05"]
[BlackClock "0:00:52"]
[Board "127"]

1. Nf3 d5 2. c4 d4 3. b4 f6 4. Na3 e5 5. Nc2 a5 6. b5 Bc5 7. d3 Ne7 8. g3 O-O 9. Bg2 Be6 10. O-O Qd7 11. Re1 Bh3 12. Bh1 Rd8 13. Nd2 f5 14. Bxb7 Ra7 15. Bh1 a4 16. Ba3 Bxa3 17. Nxa3 Qd6 18. Qc1 Nd7 19. Nc2 Nc5 20. Nb4 Rf8 21. Nd5 Nxd5 22. Bxd5+ Kh8 23. Nf3 h6 24. Qd2 a3 25. Rab1 g5 26. e3 g4 27. exd4 Nxd3 28. dxe5 Qc5 29. Qxh6# 1-0


[Site "https://www.chess.com"]

[Event "Titled Tuesday Blitz August 1 Early 2023"]
[White "Santos Flores, Alberto"]
[Black "Vemparala, Nikash"]
[WhiteFideId "3601234"]
[BlackFideId "30960967"]
[WhiteElo "2511"]
[BlackElo "2354"]
[Result "1-0"]
[Round "6"]
[TimeControl "180+1"]
[Date "2023.08.01"]
[WhiteClock "0:00:32"]
[BlackClock "0:00:15"]
[Board "128"]

1. e4 c5 2. Nf3 d6 3. Bb5+ Bd7 4. Bxd7+ Nxd7 5. c4 Ngf6 6. Nc3 g6 7. d4 cxd4 8. Nxd4 Bg7 9. Be3 O-O 10. f3 Rc8 11. b3 a6 12. Rc1 Qa5 13. Qd2 Rfd8 14. O-O e6 15. Rfd1 d5 16. Nxd5 exd5 17. Qxa5 dxe4 18. fxe4 Nxe4 19. Nf3 Bf6 20. Bd4 Be7 21. Qe1 f5 22. Nd2 Ndc5 23. Nxe4 Nxe4 24. Be3 Re8 25. Rd7 Bf6 26. Qb4 Ng5 27. Bd4 Bxd4+ 28. Rxd4 Ne6 29. Rd5 Nf4 30. Rcd1 Nxd5 31. cxd5 Rc2 32. Qh4 Ree2 33. Qg5 Kg7 34. d6 h6 35. Qg3 f4 36. Qxf4 Rxg2+ 37. Kh1 Rcf2 38. Qe5+ Kh7 39. d7 Rd2 40. Rxd2 Rxd2 41. Qe7+ Kg8 42. d8=Q+ Rxd8 43. Qxd8+ 1-0


[Site "https://www.chess.com"]

[Event "Titled Tuesday Blitz August 1 Early 2023"]
[White "Shubenkova, Veronika"]
[Black "Vifleemskaia, Svetlana"]
[WhiteFideId "44124040"]
[BlackFideId "4129490"]
[WhiteElo "2509"]
[BlackElo "2338"]
[Result "1-0"]
[Round "6"]
[TimeControl "180+1"]
[Date "2023.08.01"]
[WhiteClock "0:02:00"]
[BlackClock "0:00:00"]
[Board "129"]

1. c4 c5 2. Nc3 Nf6 3. g3 d5 4. cxd5 Nxd5 5. Bg2 Nc7 6. d3 e5 7. Nf3 Nc6 8. O-O Be7 9. e3 O-O 10. Qe2 Rb8 11. Rd1 Be6 12. b3 f6 13. Bb2 Qe8 14. Rac1 Rd8 15. Ne4 b6 16. d4 cxd4 17. exd4 exd4 18. Nxd4 Nxd4 19. Bxd4 Nb5 20. Bb2 Bf7 21. a4 Nd6 22. Nc3 Nf5 23. Rxd8 Bxd8 24. Qd3 Ne7 25. Nb5 Bg6 26. Qc4+ Bf7 27. Qb4 Nd5 28. Qd2 Qe6 29. Re1 Qf5 30. Ba3 a6 31. Nd6 Qg5 32. Qxg5 fxg5 33. Nxf7 Kxf7 34. Bxd5+ Kf6 35. Bb2+ Kf5 36. Be6+ Kg6 37. g4 Bf6 38. Bf5+ Kf7 39. Ba3 Rd8 40. Bxh7 Rd4 41. Bf5 Rd2 42. Be6+ Kg6 43. Bb4 Rb2 44. Rd1 1-0


[Site "https://www.chess.com"]

[Event "Titled Tuesday Blitz August 1 Early 2023"]
[White "Estrada Nieto, Julian"]
[Black "Antonio, Jorge Carlos"]
[WhiteFideId "5101018"]
[BlackFideId "113190"]
[WhiteElo "2507"]
[BlackElo "2325"]
[Result "1-0"]
[Round "6"]
[TimeControl "180+1"]
[Date "2023.08.01"]
[WhiteClock "0:00:18"]
[BlackClock "0:00:00"]
[Board "130"]

1. e4 c5 2. Nf3 e6 3. c3 Nc6 4. d4 d5 5. e5 Qb6 6. Be2 cxd4 7. cxd4 Nge7 8. Na3 h5 9. O-O Nf5 10. Nc2 Bd7 11. a3 Na5 12. b4 Nb3 13. Rb1 Nxc1 14. Rxc1 Rc8 15. Qd2 Bb5 16. Bxb5+ Qxb5 17. Ne3 Rxc1 18. Rxc1 Nxe3 19. Qxe3 Kd7 20. Qf4 Be7 21. Qxf7 Qb6 22. Qxg7 Rf8 23. h4 Rxf3 24. gxf3 Qxd4 25. Qh8 Bd8 26. Qh7+ Be7 27. Qxh5 Qb2 28. Rd1 Qxa3 29. f4 Qxb4 30. f5 a5 31. f6 Bc5 32. Qf7+ Kc6 33. Qxe6+ Kb5 34. Qd7+ Ka6 35. Qxd5 Qg4+ 36. Kf1 Qh3+ 37. Ke2 Qg4+ 38. Qf3 Qe6 39. Qd3+ Ka7 40. Qd5 1-0


[Site "https://www.chess.com"]